 Dungeon Crawl Stone Soup version 0.29.1-1-gd02db6906a (webtiles) character file.

Game seed: 2450941536033131572

3278 mopl the Poker (level 9, -7/75 HPs)
             Began as a Palentonga Berserker on Oct 21, 2022.
             Was a Believer of Trog.
             Mangled by a skeletal warrior
             ... wielding a +0 trident
              (20 damage)
             ... on level 7 of the Dungeon.
             The game lasted 00:11:37 (5038 turns).

mopl the Poker (Palentonga Berserker)               Turns: 5038, Time: 00:11:37

Health: -7/75      AC: 19    Str: 30    XL:     9   Next: 69%
Magic:  9/9        EV:  8    Int:  8    God:    Trog [**....]
Gold:   233        SH:  0    Dex: 12    Spells: 8/8 levels left

rFire   . . .      SeeInvis +   a - +5 spear
rCold   + . .      Faith    .   (no shield)
rNeg    + . .      Spirit   .   B - +1 chain mail {rC+}
rPois   .          Reflect  .   f - +0 helmet
rElec   .          Harm     .   l - +0 cloak
rCorr   .          Rampage  .   (no gloves)
Will    .....                   (no barding)
Stlth   ..........              F - amulet of the acrobat
HPRegen 0.22/turn               e - ring of positive energy
MPRegen 0.11/turn               u - +6 ring of strength

@: curled up
A: large, rugged brown scales 3, see invisible, deformed body, roll 1, armoured
tail, reflexive curl
a: Rolling Charge, Renounce Religion, Berserk, Trog's Hand


You were on level 7 of the Dungeon.
You worshipped Trog.
Trog was pleased with you.
You visited 1 branch of the dungeon, and saw 7 of its levels.

You collected 503 gold pieces.
You spent 270 gold pieces at shops.

Inventory:

Hand Weapons
 a - a +5 spear (weapon)
 y - the +11 long sword of Checkmate {freeze, rPois}
   (You found it on level 5 of the Dungeon)

   It freezes those it strikes, dealing additional cold damage.
   It can also slow down cold-blooded creatures.
   rPois:     It protects you from poison.
 G - a +0 glaive
Missiles
 r - 16 poisoned darts (quivered)
 C - 13 boomerangs
 E - a throwing net
Armour
 f - a +0 helmet (worn)
 l - a +0 cloak (worn)
 B - a +1 chain mail of cold resistance (worn)
 K - a scarf of shadows
 L - the +0 chain mail of the Maze {rPois rF++ rN+ Dex-2}
   (You found it on level 7 of the Dungeon)

   Dex:       It affects your dexterity (-2).
   rF:        It greatly protects you from fire.
   rPois:     It protects you from poison.
   rN:        It protects you from negative energy.
Jewellery
 e - a ring of positive energy (left hand)
 m - a ring of willpower
 u - a +6 ring of strength (right hand)
 F - an amulet of the acrobat (around neck)
 H - a +4 ring of evasion
 I - a ring of resist corrosion
Wands
 i - a wand of flame (18)
 w - a wand of charming (17)
Scrolls
 b - 2 scrolls of magic mapping {unknown}
 g - 6 scrolls of immolation
 j - 3 scrolls of teleportation
 k - 3 scrolls of enchant weapon {unknown}
 o - a scroll of silence {unknown}
 p - 2 scrolls of fear
 t - a scroll of blinking {unknown}
 z - a scroll of poison
Potions
 c - 3 potions of mutation {!q}
 d - a potion of heal wounds
 n - 4 potions of brilliance {unknown}
 q - a potion of cancellation
 s - a potion of lignification {!q}
 v - a potion of flight {unknown}
 x - a potion of might {unknown}
 A - a potion of ambrosia {unknown}
Miscellaneous
 J - a box of beasts (inert)


   Skills:
 + Level 6.5 Fighting
 * Level 7.9 Polearms
 + Level 2.3 Throwing
 + Level 4.9 Armour
 + Level 4.9 Dodging
 + Level 3.0 Evocations


You had 8 spell levels left.
You didn't know any spells.
Your spell library was empty.

Dungeon Overview and Level Annotations

Branches:
Dungeon (7/15)             Temple (0/1) D:4

Altars:
Dithmenos
Elyvilon
Gozag
Ru
Trog
Vehumet
Wu Jian

Shops:
D:6 *


Innate Abilities, Weirdness & Mutations

You are completely covered in rugged brown scales. (AC +3, +7% HP)
You have supernaturally acute eyesight. (SInv)
Armour fits poorly on your strangely shaped body.
You can roll at nearby foes to attack.
You have a long armoured tail.
You curl defensively after being hit. (AC +7*)


Message History

The skeletal warrior is almost destroyed.
The skeletal warrior hits you from afar with a +0 trident!
* * * LOW HITPOINT WARNING * * *
Reach: a) +5 spear
Press: ? - help, Dir - move target, f/p - skeletal warrior
Aim: a skeletal warrior, wielding a +0 trident (almost destroyed, unable to see you, about 29% to evade your +5 spear)
You reach to attack!
You closely miss the skeletal warrior.
The skeletal warrior is almost destroyed.
Unknown command.
You hit the cyclops. You tail-slap the cyclops!
The cyclops is almost dead.
You kill the cyclops!
Trog accepts your kill.
Your Evocations skill increases to level 3!
You catch the helpless skeletal warrior completely off-guard!
You hit the skeletal warrior but do no damage.
Your tail-slap misses the skeletal warrior.
The skeletal warrior is almost destroyed.
Reach: a) +5 spear
Press: ? - help, Dir - move target, f/p - skeletal warrior
Aim: a skeletal warrior, wielding a +0 trident (almost destroyed, unable to see you, about 29% to evade your +5 spear)
You reach to attack!
You closely miss the skeletal warrior.
The skeletal warrior is almost destroyed.
The skeletal warrior hits you from afar with a +0 trident.
* * * LOW HITPOINT WARNING * * *
Reach: a) +5 spear
Press: ? - help, Dir - move target, f/p - skeletal warrior
Aim: a skeletal warrior, wielding a +0 trident (almost destroyed, unable to see you, about 29% to evade your +5 spear)
You reach to attack!
You hit the skeletal warrior.
The skeletal warrior is almost destroyed.
Reach: a) +5 spear
Press: ? - help, Dir - move target, f/p - skeletal warrior
Aim: a skeletal warrior, wielding a +0 trident (almost destroyed, unable to see you, about 29% to evade your +5 spear)
You reach to attack!
You catch the helpless skeletal warrior completely off-guard!
You hit the skeletal warrior.
The skeletal warrior is almost destroyed.
You flicker back into view.
The skeletal warrior hits you from afar with a +0 trident!!
You die...

#..###†.##..##.÷.##.#.##
##..##..#..####'###.....
##..#....######..##..##
##.....###.......##..#
###)####.##########.#
#.#######C.)####...[..).##.#
.......#..#.z###########.#.#
##.#####'.###(+#..[......#+.#
......).#..#@.#.###########..
##.#######|..###.......## #.#
###)## ########.###.# #:.##
#......###..# #.###
##.)#####..## #.# ###'###..##
#. #..#..#..# # ##...##..###
+.....#...##


You could see a skeletal warrior.

Vanquished Creatures
  A boulder beetle (D:7)
  A cyclops (D:7)
  A troll (D:7)
  The ghost of p0werm0de the Chiller, an amateur PaIE (D:3)
  3 ice beasts
  2 orc warriors (D:7)
  2 sky beasts
  2 ogres (D:5)
  A centaur (D:6)
  A kobold brigand (D:6)
  A bullfrog (D:7)
  A necrophage (D:6)
  A scorpion (D:5)
  4 wights (D:5)
  A howler monkey (D:6)
  3 orc priests
  7 hounds
  A jelly (D:5)
  An iguana (D:7)
  An orc wizard (D:3)
  4 adders
  3 white imps
  An ufetubus (D:5)
  A worm (D:3)
  2 dart slugs
  16 orcs
  3 bats (D:3)
  3 endoplasms
  2 giant cockroaches
  3 goblins
  5 hobgoblins
  A quokka (D:2)
  3 ball pythons
  8 frilled lizards
  10 kobolds
  5 rats
106 creatures vanquished.

Vanquished Creatures (collateral kills)
  A two-headed ogre (D:7)
1 creature vanquished.

Vanquished Creatures (others)
  A kobold demonologist (D:7)
  A shadow (D:7)
2 creatures vanquished.

Grand Total: 109 creatures vanquished

Notes
Turn   | Place    | Note
-------+----------+-------------------------------------------
     0 | D:1      | mopl the Palentonga Berserker began the quest for the Orb.
     0 | D:1      | Reached XP level 1. HP: 19/19 MP: 1/1
   208 | D:1      | Reached XP level 2. HP: 20/25 MP: 2/2
   320 | D:1      | Reached skill level 3 in Polearms
   640 | D:2      | Reached XP level 3. HP: 31/31 MP: 3/3
   665 | D:2      | Reached skill level 2 in Armour
   666 | D:2      | Identified the +8 long sword of the Twisting Traitor
                  | {freeze, Fragile +Blink Str+4 Dex+8}
   725 | D:2      | Reached ** piety under Trog
   897 | D:2      | Reached skill level 2 in Dodging
   993 | D:2      | Found Peppion's Magic Scroll Shoppe.
  1000 | D:2      | Bought a scroll of fear for 40 gold pieces
  1000 | D:2      | Bought a scroll of identify for 20 gold pieces
  1000 | D:2      | Bought a scroll of identify for 20 gold pieces
  1000 | D:2      | Bought a scroll of immolation for 40 gold pieces
  1052 | D:3      | Found a runed translucent door.
  1052 | D:3      | Noticed p0werm0de's ghost (amateur PaIE)
  1100 | D:3      | Killed p0werm0de's ghost
  1101 | D:3      | Reached skill level 4 in Polearms
  1101 | D:3      | Reached XP level 4. HP: 36/39 MP: 4/4
  1101 | D:3      | Reached XP level 5. HP: 41/44 MP: 5/5
  1139 | D:3      | Found a faded altar of an unknown god.
  1177 | D:3      | Found an opulent altar of Gozag.
  1389 | D:3      | Found a shadowy altar of Dithmenos.
  1395 | D:3      | Found an ornate altar of the Wu Jian Council.
  1400 | D:3      | Found a sacrificial altar of Ru.
  1451 | D:3      | Reached skill level 4 in Fighting
  1485 | D:3      | Reached XP level 6. HP: 35/51 MP: 6/6
  2072 | D:4      | Found a staircase to the Ecumenical Temple.
  2157 | D:4      | Found a bloodstained altar of Trog.
  2490 | D:4      | Found a radiant altar of Vehumet.
  2656 | D:5      | Entered Level 5 of the Dungeon
  2779 | D:5      | Reached skill level 3 in Armour
  2800 | D:5      | Reached skill level 5 in Polearms
  2800 | D:5      | Reached skill level 3 in Dodging
  2898 | D:5      | Noticed an ice beast
  2905 | D:5      | Killed an ice beast
  2906 | D:5      | Gained mutation: You curl defensively after being hit. (AC
                  | +7*) [Palentonga growth]
  2906 | D:5      | Reached XP level 7. HP: 58/58 MP: 7/7
  2979 | D:5      | Identified the +11 long sword of Checkmate {freeze, rPois}
  3055 | D:2      | Bought a scroll of poison for 40 gold pieces
  3055 | D:2      | Bought a scroll of teleportation for 30 gold pieces
  3055 | D:2      | Bought a scroll of immolation for 40 gold pieces
  3055 | D:2      | Bought a scroll of amnesia for 40 gold pieces
  3424 | D:5      | Reached skill level 5 in Fighting
  3592 | D:5      | Identified the +1 ring mail "Keudil" {Str+3 Dex-4}
  3735 | D:6      | Reached skill level 6 in Polearms
  3739 | D:6      | Reached XP level 8. HP: 59/66 MP: 8/8
  3846 | D:6      | Reached skill level 4 in Armour
  3874 | D:6      | Found a white marble altar of Elyvilon.
  3967 | D:6      | Found Zuhah's Evil Emporium.
  3989 | D:6      | Reached skill level 4 in Dodging
  4394 | D:7      | Reached skill level 1 in Evocations
  4398 | D:7      | Reached skill level 1 in Throwing
  4453 | D:7      | Reached skill level 7 in Polearms
  4683 | D:7      | Reached XP level 9. HP: 51/73 MP: 9/9
  4873 | D:7      | Noticed a kobold demonologist
  4873 | D:7      | Noticed a boulder beetle
  4873 | D:7      | Noticed a two-headed ogre
  4874 | D:7      | Noticed a troll
  4939 | D:7      | Killed a troll
  4940 | D:7      | Reached skill level 6 in Fighting
  4940 | D:7      | Reached skill level 2 in Evocations
  4944 | D:7      | Identified the +5 dagger of the Depths {vorpal, rElec rCorr
                  | Str-3 SInv}
  4949 | D:7      | Identified the +0 chain mail of the Maze {rPois rF++ rN+
                  | Dex-2}
  4996 | D:7      | Noticed a skeletal warrior
  4996 | D:7      | Noticed a cyclops
  5001 | D:7      | Killed a two-headed ogre
  5002 | D:7      | Reached skill level 2 in Throwing
  5010 | D:7      | Killed a boulder beetle
  5034 | D:7      | Killed a cyclops
  5035 | D:7      | Reached skill level 3 in Evocations
  5038 | D:7      | Mangled by a skeletal warrior

Illustrated notes

Levels and vault maps discovered:
D:1:      wander_arrival_desolate, layout_basic, minmay_misc_feat_rows
D:2:      layout_basic, serial_shops, shop, kennysheep_pointless_box
D:3:      layout_loops_cross, minmay_overflow_temple_star_quad,
          mainiacjoe_overflow_boulevard, chequers_ecumenical_altar_simple,
          hellmonk_ghost_happy_afterlife
D:4:      layout_cave_pods, lemuel_crystal_altar, minmay_temple_entry_overgrown,
          serial_park, serial_park_tiny_1, serial_park_gazebo
          [serial_park_minivault_5x5_1], serial_park_fountain
D:5:      layout_basic
D:6:      layout_loops_ring, mainiacjoe_overflow_alcove_2, nicolae_evil_shop
D:7:      minmay_the_grid_octo_tiled_squarecenter
          [minmay_the_grid_octo_pinwheel, minmay_the_grid_octo_teeth,
          minmay_the_grid_octo_fan_narrow, minmay_the_grid_octo_toaster,
          minmay_the_grid_square_5x5_megaprize_diamond,
          minmay_the_grid_square_5x5_seven, minmay_the_grid_square_5x5_shrine2,
          minmay_the_grid_square_5x5_fancy_junction,
          minmay_the_grid_square_5x5_mess], layout_basic, led_sif_book

Skill      XL: |  1  2  3  4  5  6  7  8  9 |
---------------+----------------------------+-----
Polearms       | 3 4 5 6 7 |  7.9
Armour         | 2 3 4 |  4.9
Dodging        | 2 3 4 |  4.9
Fighting       | 4 5 6 |  6.5
Evocations     | 1 3 |  3.0
Throwing       | 1 2 |  2.3

Action                   |  1- 3 |  4- 6 |  7- 9 || total
-------------------------+-------+-------+-------++-------
Melee: Spear             |   116 |   116 |   192 ||   424
       Tailslap          |     9 |     8 |    26 ||    43
       Punch             |       |       |     2 ||     2
Throw: Dart              |       |       |     3 ||     3
Invok: Berserk           |     3 |     4 |     6 ||    13
Evoke: Wand              |       |     3 |    10 ||    13
       Box of beasts     |       |       |     1 ||     1
  Use: Scroll            |     3 |     2 |     1 ||     6
       Potion            |       |       |     4 ||     4
 Stab: Invisible         |       |       |     2 ||     2
       Distracted        |       |       |     1 ||     1
Armor: Animal skin       |     7 |       |       ||     7
       Ring mail         |    20 |    77 |    24 ||   121
       Chain mail        |       |       |    35 ||    35
Dodge: Dodged            |    36 |    63 |    53 ||   152
